Map: Kairos Junction LE

Players

PROTHORMAN - Winner!

  • Race: Zerg Zerg
  • League: Platinum
  • Spawn Location: 11:00

Madcoat

  • Race: Protoss Protoss
  • League: Gold
  • Spawn Location: 5:00

VOD

Have the link to the VOD?

Description

Time

  • Played on: Feb. 21, 2019, 7:26 p.m.
  • Length: 4:50
Show
View Real Time Build Order
Export as new Build Order

PROTHORMAN Zerg - Winner!

Build Orders: Pool First 

Get SALT Encoding   

  12  0:01  Drone  
  13  0:09  Extractor  
  12  0:26  Spawning Pool  
  11  0:30  Drone  
  12  0:36  Drone  
  12  0:41  Drone  
  14  0:53  Overlord  
  14  1:12  Metabolic Boost  
  14  1:15  Zergling x4  
  14  1:17  Zergling x2  
  17  1:46  Hatchery  
  16  1:51  Drone x2  
  16  1:52  Drone  
  19  2:05  Queen  
  21  2:14  Overlord  
  21  2:19  Overlord  
  21  2:45  Zergling x2  
  21  2:46  Zergling x4  
  21  3:29  Zergling x8  
  21  3:30  Zergling x4  
  27  3:41  Overlord x2  
  27  3:54  Overlord x2  
  25  4:28  Zergling x2  
  25  4:29  Zergling x10  
Show
View Real Time Build Order
Export as new Build Order

Madcoat Protoss 

Build Orders:  

Get SALT Encoding   

  12  0:01  Probe  
  13  0:13  Probe  
  14  0:26  Pylon, Probe  
  15  0:41  Probe  
  15  0:49  Probe  
  17  0:58  Gateway  
  17  1:07  Gateway  
  17  1:10  Probe  
  18  1:13  Assimilator  
  18  1:18  Assimilator  
  18  1:19  Probe  
  18  1:20  Pylon  
  19  1:27  Probe  
  20  1:37  Probe  
  21  1:46  Zealot  
  23  1:54  Cybernetics Core  
  22  2:14  Probe  
  23  2:38  Pylon  
  23  2:40  Warp Gate  
  21  2:56  Probe  
  16  3:04  Probe  
  18  3:14  Probe  
  18  3:19  Zealot  
  17  3:25  Nexus  
  17  3:26  Probe  
  18  3:27  Zealot  
  22  3:38  Shield Battery  
  22  3:39  Shield Battery  
  22  3:46  Pylon  
  18  4:12  Shield Battery  
  18  4:15  Shield Battery  
  16  4:24  Probe  
  16  4:29  Adept  
  19  4:36  Probe  
  18  4:43  Gateway  
Tags
 
Matchup
PvZ
Opening
Pool First
Replay Pack
20190221
Spawn Locations
Cross Positions
Add a new tag
Caveats
  • Supply blocks, unpowered buildings, or Contaminate may cause inaccurate times.
  • Supply counts are checked every 10 seconds.